 Dungeon Crawl Stone Soup version 0.24.0-123-gd5b16e6ec5 (webtiles) character file.

Game seed: 2945194632898661651, levelgen mode: deterministic

1672 Curus the Carver (level 8, 0/64 HPs)
             Began as a Minotaur Monk on Jan 21, 2020.
             Was a Believer of Trog.
             Slain by an orc warrior
             ... wielding a +0 glaive
              (18 damage)
             ... in a bailey.
             The game lasted 00:29:09 (5014 turns).

Curus the Carver (Minotaur Monk)                    Turns: 5014, Time: 00:29:10

Health: 0/64       AC:  5    Str: 17    XL:     8   Next: 70%
Magic:  0/7        EV: 13    Int:  7    God:    Trog [**....]
Gold:   294        SH:  0    Dex: 14    Spells: 7/7 levels left

rFire    . . .     SeeInvis .   w - +0 long sword (holy)
rCold    + . .     Gourm    .   (no shield)
rNeg     . . .     Faith    .   d - +0 leather armour
rPois    .         Spirit   +   (helmet restricted)
rElec    .         Reflect  .   (no cloak)
rCorr    .         Harm     .   j - +1 pair of gloves
MR       ++...                  (no boots)
Stlth    ++........             l - amulet of guardian spirit
HPRegen  1.20/turn              r - ring of protection from cold
MPRegen  0.10/turn              (no ring)

@: berserk cooldown, regenerating, slowed, very slow
A: retaliatory headbutt, horns 2, high mp 1, mutation resistance 1
a: Berserk, Trog's Hand, Renounce Religion


You were in a bailey.
You worshipped Trog.
Trog was pleased with you.
You were not hungry.

You visited 1 branch of the dungeon, and saw 8 of its levels.
You also visited: Bailey.

You collected 348 gold pieces.
You spent 54 gold pieces at shops.

Inventory:

Hand Weapons
 a - a +1 falchion
 w - a +0 long sword of holy wrath (weapon)
Armour
 b - a +1 robe
 d - a +0 leather armour (worn)
 j - a +1 pair of gloves (worn)
 t - a +0 chain mail of magic resistance
Jewellery
 l - an amulet of guardian spirit (around neck)
 p - a cursed ring of teleportation
 r - a ring of protection from cold (left hand)
Wands
 o - a wand of flame (14)
 q - a wand of iceblast (4)
 s - a wand of paralysis (8)
Scrolls
 e - 3 scrolls of identify
 g - a scroll of noise
 i - a scroll of fear
 k - 2 scrolls of magic mapping
 m - 7 scrolls of remove curse
 v - 2 scrolls of blinking
 y - a scroll of teleportation
Potions
 h - a potion of agility
 n - 3 potions of lignification
 u - 2 potions of curing
 z - a potion of flight
Comestibles
 c - 19 rations


   Skills:
 - Level 3.6 Fighting
 + Level 13.2 Long Blades
 - Level 3.2 Dodging
 - Level 1.5 Stealth


You had 7 spell levels left.
You didn't know any spells.
Your spell library was empty.

Dungeon Overview and Level Annotations

Branches:
Dungeon (8/15)             Temple (0/1) D:4          Bailey (1/1)
   Lair: D:8-11

Altars:
Kikubaaqudgha
Trog
Xom

Shops:
D:4 =


Innate Abilities, Weirdness & Mutations

You reflexively headbutt those who attack you in melee.
You have a pair of horns on your head.
You have an increased reservoir of magic. (+10% MP)
You are somewhat resistant to further mutation.


Message History

Trog accepts your kill.
There is an open door here.
You feel a strong urge to attack something.
You feel your anger nearly subside.
You are no longer berserk.
You are exhausted.
You feel yourself slow down.
You eat one of the 20 rations.
That ration really hit the spot!
You start resting.
The orc warrior closely misses you.
Your skin crawls.
You feel resistant to hostile enchantments.
You feel somewhat more hungry. The orc warrior barely misses you.
The orc warrior hits you with a +0 glaive!
* * * LOW HITPOINT WARNING * * *
You hit the orc warrior but do no damage.
The orc warrior barely misses you.
You slash the orc warrior!
You headbutt the orc warrior, but do no damage.
The orc warrior is moderately wounded.
The orc warrior hits you with a +0 glaive!!
You die...

########### ##.........##
##..≈≈≈≈≈≈≈..##
##..≈≈.....≈≈..##
##########..≈≈..###..≈≈..#####
#..........≈≈..## ##..≈≈......
#.≈≈≈≈≈≈≈≈≈≈.@##.∩.##..≈≈≈≈≈≈≈
#.≈.........o##.....##........
#.≈.#########'###'############
#.≈.## #).)o..... # #.≈..##
#.)≈≈≈≈§≈≈§ ## #.≈≈..##
##..≈≈oo...≈§ ##.
#∩.≈≈..#'#.§≈§o.⌠∩⌠..≈ #..
##.≈≈..#'#..≈≈§..⌠..§§ #..
#.≈≈..##.##..≈§.....§§ ##.


You could see an orc warrior.

Vanquished Creatures
  Menkaure (D:5)
  An acid dragon (D:7)
  A black bear (D:6)
  2 orc warriors (Bailey)
  A sky beast (D:6)
  A necrophage (D:6)
  An ogre (D:4)
  5 bullfrogs
  A scorpion (D:7)
  A bullfrog zombie (D:6)
  3 hounds
  An orc wizard (D:4)
  2 iguanas (D:4)
  3 worker ants
  A hound zombie (D:7)
  A hound skeleton (D:6)
  3 gnolls (D:8)
  8 adders
  2 shadow imps
  3 adder skeletons
  A worm (D:4)
  9 leopard geckos
  19 orcs
  6 bats
  4 giant cockroaches
  6 goblins
  7 hobgoblins
  13 jackals
  4 quokkas
  4 frilled lizards
  3 kobolds (D:2)
  2 quokka skeletons
  8 rats
128 creatures vanquished.

Notes
Turn   | Place    | Note
-------+----------+-------------------------------------------
     0 | D:1      | Curus the Minotaur Monk began the quest for the Orb.
     0 | D:1      | Reached XP level 1. HP: 19/19 MP: 0/0
    38 | D:1      | Found a shimmering altar of Xom.
   120 | D:1      | Reached skill level 4 in Long Blades
   206 | D:1      | Reached XP level 2. HP: 26/26 MP: 1/1
   577 | D:2      | Reached skill level 5 in Long Blades
   693 | D:2      | Reached XP level 3. HP: 27/31 MP: 2/2
  1061 | D:2      | Reached XP level 4. HP: 39/39 MP: 3/3
  1199 | D:3      | Reached skill level 6 in Long Blades
  1324 | D:3      | You fall into a shaft and drop 3 floors!
  1324 | D:6      | Noticed a black bear
  1335 | D:6      | Killed a black bear
  1335 | D:6      | Reached skill level 7 in Long Blades
  1335 | D:6      | Reached XP level 5. HP: 13/45 MP: 4/4
  1561 | D:5      | Entered Level 5 of the Dungeon
  1613 | D:4      | Found a bloodstained altar of Trog.
  1686 | D:4      | Became a worshipper of Trog the Wrathful
  1686 | D:4      | Reached * piety under Trog
  1686 | D:4      | Reached ** piety under Trog
  1728 | D:4      | Reached skill level 8 in Long Blades
  1770 | D:4      | You fall into a shaft and drop 2 floors!
  1771 | D:6      | Noticed a necrophage
  1783 | D:6      | Killed a necrophage
  1783 | D:6      | Reached XP level 6. HP: 23/51 MP: 2/5
  1899 | D:4      | Found a staircase to the Ecumenical Temple.
  1915 | D:4      | Reached skill level 9 in Long Blades
  2215 | D:3      | Reached XP level 7. HP: 53/57 MP: 6/6
  2645 | D:4      | Found Fissel's Jewellery Shop.
  2656 | D:4      | Bought a cursed ring of teleportation for 54 gold pieces
  3062 | D:5      | Noticed Menkaure
  3077 | D:5      | Killed Menkaure
  3077 | D:5      | Reached skill level 10 in Long Blades
  3159 | D:5      | Gained mutation: You have an increased reservoir of magic.
                  | (+10% MP) [potion of mutation]
  3159 | D:5      | Gained mutation: You are somewhat resistant to further
                  | mutation. [potion of mutation]
  3507 | D:6      | Reached skill level 11 in Long Blades
  3649 | D:6      | Found an ancient bone altar of Kikubaaqudgha.
  3749 | D:6      | Reached XP level 8. HP: 64/64 MP: 7/7
  4175 | D:7      | Reached skill level 12 in Long Blades
  4551 | D:8      | Found a flagged portal.
  4565 | Bailey   | Entered a bailey
  4684 | Bailey   | Reached skill level 13 in Long Blades
  4931 | Bailey   | Noticed an orc knight
  5014 | Bailey   | Slain by an orc warrior

Levels and vault maps discovered:
D:1:      mrwooster_arrival_statue_2, layout_loops_ring, grunt_decor_fettered,
          xom_teletrap_fun
D:2:      layout_rooms, minmay_fractal_squares_5
D:3:      layout_basic
D:4:      layout_loops_ring, minmay_temple_entry_hall, serial_shops, shop,
          minivault_27, minmay_ruined_shrine
D:5:      layout_basic, first_ration, uniq_menkaure
D:6:      layout_loops_ring, kennysheep_mini, grunt_ministairs_2
D:7:      layout_gridville
D:8:      layout_basic, grunt_temple_overflow_diamond, enter_bailey_2
Bailey:   bailey_polearm_1, bailey

Skill      XL: |  1  2  3  4  5  6  7  8 |
---------------+-------------------------+-----
Long Blades    | 4 5 7 8 9 11 13 | 13.2
Fighting       | |  3.6
Dodging        | |  3.2
Stealth        | |  1.5

Action                   |  1- 3 |  4- 6 |  7- 9 || total
-------------------------+-------+-------+-------++-------
Melee: Falchion          |    69 |    94 |    43 ||   206
       Headbutt          |    16 |    17 |    35 ||    68
       Long sword        |       |       |    98 ||    98
Invok: Berserk           |       |     4 |     4 ||     8
       Trog's Hand       |       |       |     2 ||     2
Evoke: Wand              |       |       |     1 ||     1
  Use: Scroll            |     7 |     5 |     4 ||    16
       Potion            |     3 |     2 |     6 ||    11
 Stab: Sleeping          |       |     2 |     4 ||     6
  Eat: Chunk             |       |     8 |     4 ||    12
       Ration            |       |       |     3 ||     3
Armor: Robe              |     2 |       |       ||     2
       Leather armour    |    15 |    19 |    12 ||    46
Dodge: Dodged            |    58 |    60 |   124 ||   242
       Rpst.: Falchion   |    17 |    13 |     4 ||    34
       Long sword        |       |       |    14 ||    14
